 Dungeon Crawl Stone Soup version 0.20.1-1-g8b1a95d (webtiles) character file.

835 ChromeMolly the Sneak (level 7, -3/70 HPs)
             Began as an Octopode Fighter on Oct 30, 2017.
             Was a Follower of Trog.
             Slain by an ice beast (11 damage)
             ... on level 6 of the Dungeon.
             The game lasted 00:19:17 (4394 turns).

ChromeMolly the Sneak (Octopode Fighter)            Turns: 4394, Time: 00:19:18

Health: -3/70      AC:  1    Str: 20    XL:     7   Next: 99%
Magic:  7/7        EV: 12    Int: 10    God:    Trog [*.....]
Gold:   405        SH:  9    Dex: 14    Spells: 6/6 levels left

rFire    . . .     SeeInvis .   a - +0 rapier
rCold    . . .     Gourm    .   b - +0 shield
rNeg     . . .     Faith    .   (helmet restricted)
rPois    .         Spirit   .   (no amulet)
rElec    .         Reflect  .   (no ring)
rCorr    .         Harm     .   (no ring)
MR       .....                  (no ring)
Stlth    ..........             (no ring)
Regen    0.3/turn               (no ring)
MPRegen  0.1/turn               (no ring)
                                (no ring)
                                (no ring)

@: berserking, very quick
A: almost no armour, stealthy swim, amphibious, 8 rings, constrict 8, camouflage
1, gelatinous body 1
a: Berserk, Burn Spellbooks, Renounce Religion


You were on level 6 of the Dungeon.
You worshipped Trog.
Trog was aware of your devotion.
You were hungry.

You visited 2 branches of the dungeon, and saw 7 of its levels.

You collected 405 gold pieces.

Inventory:

Hand Weapons
 a - a +0 rapier (weapon)
 h - a +0 dagger
Missiles
 j - 2 tomahawks (quivered)
 l - 196 stones
Armour
 b - a +0 shield (worn)
Jewellery
 v - an uncursed ring of fire
Scrolls
 e - 2 scrolls of remove curse
 w - a scroll of immolation
 x - a scroll of magic mapping
Potions
 c - 2 potions of might
 d - a potion of curing
 f - a potion of mutation {unknown}
 i - a potion of brilliance {unknown}
 k - a potion of degeneration {unknown}
 n - a potion of lignification {unknown}
 o - a potion of flight {unknown}
 p - 2 potions of agility
 q - a potion of haste {unknown}
 s - a potion of magic {unknown}
Books
 t - a book of Flames

   Spells                             Type                      Level
   a - Flame Tongue                   Conjuration/Fire             1
   b - Throw Flame                    Conjuration/Fire             2
   c - Conjure Flame                  Conjuration/Fire             3
   d - Inner Flame                    Hexes/Fire                   3
   e - Sticky Flame                   Conjuration/Fire             4
   f - Fireball                       Conjuration/Fire             5
   Trog disapproves of the use of such an item.
Comestibles
 m - 2 meat rations
 r - a bread ration
 u - 2 royal jellies


   Skills:
 + Level 3.8 Fighting
 + Level 4.2 Short Blades
 * Level 3.5 Throwing
 + Level 3.8 Dodging
 * Level 7.2 Stealth
 + Level 4.0 Shields


You had 6 spell levels left.
You didn't know any spells.

Dungeon Overview and Level Annotations

Branches:
Dungeon (6/15)             Temple (1/1) D:4

Altars:
Ashenzari
Dithmenos
Elyvilon
Gozag
Kikubaaqudgha
Qazlal
Ru
Trog
Vehumet
Zin
The Shining One

Annotations:
D:4 cognitive's ghost, amateur MiWn
D:6 Gryphonrising's ghost, novice DDFi


Innate Abilities, Weirdness & Mutations

You cannot wear most types of armour.
You are very stealthy in the water. (Stealth+)
You are amphibious.
You can wear up to eight rings at the same time.
You can use your tentacles to constrict eight enemies at once.
Your skin changes colour to match your surroundings (Stealth+).
Your rubbery body absorbs attacks. (AC +1, EV +1)


Message History

The ice beast is moderately wounded.
You constrict the orc priest. You constrict the orc. The orc priest hits you.
You block the centaur's attack. The ice beast hits you.
* * * LOW HITPOINT WARNING * * *
The ice beast freezes you!
* * * LOW HITPOINT WARNING * * *
You barely miss the ice beast.
The ice beast is moderately wounded.
You constrict the orc priest. You constrict the orc.
You kill the orc!
Trog accepts your kill. The centaur hits you.
* * * LOW HITPOINT WARNING * * *
You block the orc priest's attack.
You hit the ice beast but do no damage. You squeeze the ice beast!
The ice beast is heavily wounded.
You constrict the orc priest. The ice beast hits you.
* * * LOW HITPOINT WARNING * * *
The ice beast freezes you!
You die...

.######.#..#.#.#
.........#..#.#.. #
#.######.#..#.##. ..
#....#<..#....... .%.
#..#.#.....##....
..#..#.#.#....#..##
...#.#.####.#..##
##(######.#.#...........
......c@Y((((.(.(.......
.######oo.).....<.......
#o?....###.##.....
#......# #.##.....
#......# #........
.....##.# #........
..##..##.# #........
..###.###. #.#######
#.....####.#


You could see an orc warrior, an ice beast, a centaur, an orc priest and an orc.

Vanquished Creatures
  2 ogres (D:5)
  A phantom (D:5)
  A centaur (D:6)
  2 scorpions
  A howler monkey (D:5)
  A crimson imp (D:5)
  A hound (D:5)
  3 iguanas
  2 worker ants
  5 adders
  A howler monkey skeleton (D:4)
  3 shadow imps
  2 adder skeletons
  2 adder zombies (D:5)
  3 worms
  3 dart slugs
  5 leopard geckos
  An orc (D:6)
  5 bats (D:3)
  3 giant cockroaches
  9 hobgoblins
  7 jackals
  3 quokkas
  A ball python (D:2)
  2 frilled lizards
  8 goblins
  A jackal zombie (D:5)
  5 kobolds
  6 rats
89 creatures vanquished.

Notes
Turn   | Place    | Note
-------+----------+-------------------------------------------
     0 | D:1      | ChromeMolly the Octopode Fighter began the quest for the Orb.
     0 | D:1      | Reached XP level 1. HP: 16/16 MP: 1/1
   225 | D:1      | Reached XP level 2. HP: 1/21 MP: 2/2
   666 | D:1      | Reached skill level 1 in Stealth
   999 | D:1      | Reached skill level 1 in Throwing
   999 | D:1      | Reached XP level 3. HP: 15/26 MP: 3/3
  1160 | D:2      | Reached skill level 2 in Stealth
  1282 | D:2      | Reached XP level 4. HP: 31/31 MP: 4/4
  1688 | D:3      | Reached skill level 3 in Stealth
  2652 | D:4      | Noticed cognitive's ghost (amateur MiWn)
  2799 | D:4      | Reached skill level 4 in Stealth
  2799 | D:4      | Reached XP level 5. HP: 30/36 MP: 5/5
  2824 | D:4      | Found a staircase to the Ecumenical Temple.
  2833 | Temple   | Entered the Ecumenical Temple
  2902 | Temple   | Became a worshipper of Trog the Wrathful
  3063 | D:5      | Entered Level 5 of the Dungeon
  3191 | D:5      | Noticed an ogre
  3191 | D:5      | Noticed an ogre
  3205 | D:5      | Killed an ogre
  3205 | D:5      | Reached skill level 5 in Stealth
  3205 | D:5      | Reached XP level 6. HP: 42/42 MP: 6/6
  3503 | D:5      | Reached skill level 6 in Stealth
  3505 | D:5      | Reached XP level 7. HP: 46/46 MP: 7/7
  4092 | D:6      | Found an ancient bone altar of Kikubaaqudgha.
  4241 | D:6      | Found an opulent altar of Gozag.
  4242 | D:6      | Noticed Gryphonrising's ghost (novice DDFi)
  4367 | D:6      | Reached skill level 7 in Stealth
  4381 | D:6      | Reached * piety under Trog
  4394 | D:6      | Slain by an ice beast

Skill      XL: |  1  2  3  4  5  6  7 |
---------------+----------------------+-----
Stealth        | 1 2 4 5 6 7 |  7.2
Throwing       | 1 2 3 |  3.5
Short Blades   | 3 4 |  4.2
Shields        | 4 |  4.0
Fighting       | |  3.8
Dodging        | |  3.8

Action                   |  1- 3 |  4- 6 |  7- 9 || total
-------------------------+-------+-------+-------++-------
Melee: Rapier            |    34 |    21 |    58 ||   113
       Constrict         |    16 |    22 |    13 ||    51
       Tentacles         |     9 |    19 |    12 ||    40
       Dagger            |    24 |    75 |     5 ||   104
Throw: Stone             |     5 |     2 |       ||     7
       Tomahawk          |       |     4 |     9 ||    13
Invok: Berserk           |       |       |     1 ||     1
  Use: Scroll            |       |     8 |     1 ||     9
       Potion            |       |     2 |     2 ||     4
 Stab: Sleeping          |     9 |     7 |     2 ||    18
  Eat: Bread ration      |     1 |     1 |       ||     2
       Royal jelly       |       |     1 |       ||     1
Armor: Skin              |     1 |     8 |     2 ||    11
Dodge: Dodged            |    24 |    35 |    24 ||    83
Block: Shield            |    19 |    30 |    35 ||    84
